 Dungeon Crawl Stone Soup version 0.19-a0-1008-g4c63d25 (webtiles) character file.

208158 HAL9000 the Shatterer (level 18, -1/307 HPs)
             Began as an Ogre Berserker on July 23, 2016.
             Was an Elder of Trog.
             Slain by an anaconda (12 damage)
             ... on level 4 of the Snake Pit.
             The game lasted 02:37:15 (47291 turns).

HAL9000 the Shatterer (Ogre Berserker)             Turns: 47291, Time: 02:37:16

Health: -1/307     AC: 11    Str: 32    XL:     18   Next: 77%
Magic:  23/23      EV: 20    Int:  1    God:    Trog [****..]
Gold:   1098       SH:  4    Dex: 13    Spells: 0 memorised, 17 levels left

rFire  . . .     SeeInvis .     I - +5 giant spiked club of Anguish {god gift, drain, *Contam rPois MR+++ Int-3}
rCold  . . .     Gourm    .     J - +2 robe {MR+}
rNeg   . . .     Faith    .     (shield currently unavailable)
rPois  +         Spirit   .     H - +1 hat
rElec  +         Dismiss  .     M - +2 cloak of the Land of Plenty {rElec}
rCorr  .         Reflect  +     (gloves unavailable)
SustAt .         Harm     .     (boots unavailable)
MR     +++++                    W - +4 amulet of reflection (curse)
Stlth  ..........               Q - +3 ring of protection
                                r - +6 ring of evasion

@: berserking, lethally poisoned (-1 -> -4), constricted, very quick, almost
entirely resistant to hostile enchantments, extremely unstealthy
A: unfitting armour, clumsy 1, deformed body, dopey 1, tough skin 1, MP-powered
wands
a: Berserk, Trog's Hand, Brothers in Arms, Burn Spellbooks, Renounce Religion
}: 1/15 runes: decaying


You were on level 4 of the Snake Pit.
You worshipped Trog.
Trog was greatly pleased with you.
You were not hungry.

You visited 6 branches of the dungeon, and saw 32 of its levels.
You also visited: Volcano.

You collected 3370 gold pieces.
You spent 2272 gold pieces at shops.

Inventory:

Hand Weapons
 t - a +0 morningstar of protection
 I - the +5 giant spiked club of Anguish (weapon) {god gift, drain, *Contam rPois MR+++ Int-3}
   (Trog gifted it to you on level 15 of the Dungeon)

   A truly terrible weapon, it drains the life of those it strikes.
   It affects your intelligence (-3).
   It protects you from poison.
   It affects your resistance to hostile enchantments.
   It causes magical contamination when unequipped.
Missiles
 a - 5 javelins of returning {god gift}
 y - 3 throwing nets
 U - 6 poisoned javelins {god gift}
 Y - 26 large rocks (quivered)
 Z - 9 javelins
Armour
 B - a shadow dragon hide
 H - a +1 hat (worn)
 J - a +2 robe of magic resistance (worn)
 M - the +2 cloak of the Land of Plenty (worn) {rElec}
   (You bought it in a shop on level 2 of the Orcish Mines)

   It insulates you from electricity.
 N - the +4 shield of Xom's Fury {rC++ rN+ Str+2}
   (You took it off a tengu conjurer on level 15 of the Dungeon)

   It affects your strength (+2).
   It greatly protects you from cold.
   It protects you from negative energy.
Jewellery
 j - an uncursed ring of see invisible
 r - a +6 ring of evasion (left hand)
 C - an uncursed ring of poison resistance
 Q - a +3 ring of protection (right hand)
 W - a cursed +4 amulet of reflection (around neck)
Wands
 k - a wand of polymorph (11/24)
 p - a wand of teleportation (6/9)
 s - a wand of digging (1/24)
 v - a wand of heal wounds (3/9)
 A - a wand of iceblast (7/15)
 D - a wand of disintegration (16/24)
 G - a wand of lightning (7/15)
 X - a wand of hasting (6/9)
Scrolls
 e - 7 scrolls of teleportation
 f - 10 scrolls of identify
 i - 9 scrolls of magic mapping
 m - a scroll of summoning
 x - 5 scrolls of fear
 O - 6 scrolls of remove curse
 P - a scroll of blinking
 R - 2 scrolls of holy word
Potions
 b - 2 potions of cure mutation
 d - 5 potions of flight
 g - 3 potions of cancellation
 h - 9 potions of curing
 n - a potion of ambrosia
 o - 6 potions of might
 u - a potion of agility
 w - 2 potions of resistance
 z - a potion of invisibility
 F - 8 potions of haste
 K - 2 potions of berserk rage
 S - 6 potions of heal wounds
Miscellaneous
 l - a fan of gales
 E - a sack of spiders
 L - a phial of floods
 T - a box of beasts
Comestibles
 c - 15 bread rations
 V - 4 meat rations


   Skills:
 + Level 18.3 Fighting
 - Level 22.4 Maces & Flails
 + Level 12.8 Throwing
 + Level 13.2 Dodging
 - Level 10.8 Shields
 + Level 7.0 Evocations


You had 17 spell levels left.
You didn't know any spells.

Dungeon Overview and Level Annotations

Branches:
Dungeon (15/15)            Temple (1/1) D:5            Lair (6/6) D:11
  Swamp (4/4) Lair:3        Snake (4/4) Lair:2        Slime (0/5) Lair:6
    Orc (2/2) D:9             Elf (0/3) Orc:2        Vaults (0/5) D:14
 Depths (0/5) D:15

Altars:
Dithmenos
Fedhas
Hepliaklqana
Nemelex Xobeh
Pakellas
Ru
Yredelemnul
Zin
The Shining One
Beogh

Shops:
D:4 *   D:13 %   D:14 }   Orc:2 [(=%[   Snake:1 (:*   Snake:2 ((
Snake:4 :!(!=


Innate Abilities, Weirdness & Mutations

You are too large for most types of armour.
You have tough skin. (AC +1)
You are clumsy. (Dex -2)
Armour fits poorly on your strangely shaped body.
You are dopey. (Int -2)
You expend magic power (3 MP) to strengthen your wands.


Message History

The anaconda barely misses you. The naga mage misses you.
You are too berserk!
You are too berserk!
You are too berserk!
You are too berserk!
You are too berserk!
You are too berserk!
You are too berserk!
Unknown command.
You are too berserk!
Unknown command.
Unknown command.
You impale the naga!!
The naga is almost dead.
You feel sick. The anaconda bites you!
* * * LOW HITPOINT WARNING * * *
x2 The anaconda constricts you.
The anaconda misses you.
The guardian serpent closely misses you.
The anaconda bites you!
You die...

##...####....## ##..... ....##
#......# ⌠... #..#... ..###
#..#....# .... #.###.. .##
#..###...# N.N.###.## ##. ##
##..# ##...#####...##.##### ##
##...# #....##.......#.÷...# #
##...# ##...##.NSS... #..÷..####
##...####...##.SSS.# ####)..##.
#......##.###..)@## ##..÷..
(.........# #..NSS######## ##....
..........# ##N.S........####...^
..........######.......))..###.)#
######...###...#########(...##.).
# ##..# #..###......))...#....
###..## #...#...........##....
##....# #..##.....#######.....
#.../## #..####.#.###......)..


You could see 5 anacondas, 3 guardian serpents, 2 naga magi and 3 nagas.

Vanquished Creatures
  A sphinx (D:13)
  Agnes (Snake:3)
  A thorn hunter (Swamp:4)
  The ghost of removeelyvilon the Summoner, an adept DsSu of Sif Muna (Snake:1)
  6 greater nagas
  Aizul (Snake:3)
  Louise (Swamp:4)
  Nessos (D:15)
  A dire elephant (D:15)
  An ettin (D:13)
  Snorg (D:14)
  A yaktaur captain (D:13)
  2 vault guards (D:14)
  3 fire dragons (Swamp:4)
  Harold (Lair:4)
  3 ghost crabs (Swamp:4)
  An ice dragon (Lair:6)
  A catoblepas (Lair:5)
  7 naga warriors
  28 hydras
  A death yak (Lair:6)
  4 centaur warriors
  2 death knights
  10 anacondas
  7 alligators
  4 shock serpents
  An orc high priest (Orc:2)
  11 naga sharpshooters
  2 fire crabs
  A salamander mystic (Snake:3)
  5 naga ritualists
  2 unseen horrors
  3 swamp dragons (Swamp:4)
  A shambling mangrove (Swamp:3)
  2 necromancers (D:14)
  2 spriggan druids
  6 hill giants
  3 lindwurms
  2 orc knights
  An anubis guard (shapeshifter) (D:13)
  4 griffons
  2 orc sorcerers
  2 orb spiders (shapeshifter)
  4 cyclopes
  7 mana vipers
  3 hornets
  5 ugly things
  2 manticores (D:15)
  10 salamanders
  A toenail golem (Volcano)
  39 black mambas
  21 elephants (Lair:6)
  8 guardian serpents
  5 torpor snails (Lair:6)
  Joseph (Lair:1)
  A centaur zombie (D:15)
  15 naga magi
  2 molten gargoyles (Volcano)
  Psyche (D:8)
  A freezing wraith (D:13)
  5 gargoyles
  18 spiny frogs
  8 komodo dragons
  A yaktaur (shapeshifter) (D:13)
  2 efreet
  4 rime drakes
  7 tengu conjurers (D:15)
  3 trolls
  12 slime creatures
  7 giant leeches
  27 blink frogs
  A two-headed ogre (D:9)
  7 bog bodies
  2 wyverns
  5 spriggans
  3 shadows
  A fire elemental (Volcano)
  A vampire (D:10)
  6 fire bats
  22 yaks
  A hippogriff (shapeshifter) (D:14)
  6 basilisks
  20 humans (D:14)
  2 hungry ghosts
  6 hippogriffs
  2 steam dragons (Swamp:4)
  A wraith (D:12)
  23 vampire mosquitoes
  7 wargs
  19 insubstantial wisps
  4 mottled dragons
  43 nagas
  19 swamp worms
  17 water moccasins
  9 porcupines
  13 ice beasts
  37 orc warriors
  19 wasps
  4 phantoms
  14 swamp drakes
  2 black bears (D:12)
  6 sky beasts
  2 eyes of draining
  11 ogres
  12 wolves
  16 centaurs
  18 crocodiles
  6 big kobolds
  19 giant frogs
  An earth elemental (Volcano)
  2 troll zombies (D:9)
  6 killer bees
  4 scorpions
  6 wights
  4 howler monkeys
  2 electric eels
  4 crimson imps
  2 giant frog zombies
  5 quasits
  10 lava snakes
  14 orc priests
  17 jellies
  A hound (D:5)
  35 orc wizards
  6 centaur skeletons
  2 giant frog skeletons
  Ijyb (D:2)
  Natasha (D:2)
  15 iguanas
  9 worker ants
  A killer bee zombie (D:10)
  17 sheep
  4 ogre zombies (D:9)
  A hound skeleton (D:10)
  3 gnolls (D:11)
  A howler monkey skeleton (D:4)
  A worker ant zombie (D:10)
  42 river rats
  18 adders
  2 shadow imps
  An ooze (D:3)
  2 adder zombies
  2 adder skeletons
  7 giant geckos
  98 orcs
  3 ball pythons
  6 bats
  3 giant cockroaches
  5 goblins
  8 hobgoblins
  3 jackals (D:4)
  22 kobolds
  7 quokkas
  3 giant newts
  A goblin skeleton (D:9)
  5 goblin zombies (D:9)
  A hobgoblin skeleton (D:9)
  A hobgoblin zombie (D:9)
  A kobold skeleton (D:9)
  A kobold zombie (D:9)
  3 orc skeletons (D:9)
  13 orc zombies (D:9)
  A quokka zombie (D:6)
  7 rats
  4 fungi (Lair:5)
  2 plants (Lair:6)
1214 creatures vanquished.

Vanquished Creatures (collateral kills)
  An orc warlord (Orc:2)
  4 anacondas (Snake:3)
  A death yak (Lair:6)
  A naga sharpshooter (Snake:3)
  A naga ritualist (Snake:3)
  A salamander (Snake:3)
  An elephant (D:11)
  A black mamba (Snake:3)
  A torpor snail (Lair:6)
  A giant leech (Lair:6)
  A warg (Orc:2)
  2 nagas
  4 orc warriors (Orc:2)
  A gnoll sergeant (D:11)
  2 howler monkeys (D:8)
  3 orc priests (Orc:2)
  An orc wizard (Orc:2)
  2 gnolls (D:11)
  13 orcs (Orc:2)
42 creatures vanquished.

Vanquished Creatures (others)
  A swamp dragon (Swamp:4)
  A lindwurm (Swamp:4)
  A black mamba (Snake:2)
  2 wasps
  A centaur (D:15)
  A river rat (Lair:1)
  25 fungi
  8 plants
40 creatures vanquished.

Grand Total: 1296 creatures vanquished

Notes
Turn   | Place    | Note
-------+----------+-------------------------------------------
     0 | D:1      | HAL9000 the Ogre Berserker began the quest for the Orb.
     0 | D:1      | Reached XP level 1. HP: 24/24 MP: 1/1
   512 | D:1      | Reached XP level 2. HP: 17/32 MP: 2/2
   990 | D:1      | Reached skill level 5 in Maces & Flails
  1475 | D:2      | Reached XP level 3. HP: 36/39 MP: 3/3
  1608 | D:2      | Reached ** piety under Trog
  1815 | D:2      | Noticed Ijyb
  1824 | D:2      | Killed Ijyb
  1824 | D:2      | Reached skill level 6 in Maces & Flails
  1824 | D:2      | Reached XP level 4. HP: 49/49 MP: 4/4
  2036 | D:2      | Found a faded altar of an unknown god.
  2037 | D:2      | Noticed Natasha
  2043 | D:2      | Killed Natasha
  2500 | D:3      | Reached XP level 5. HP: 54/55 MP: 5/5
  2611 | D:3      | Found an oddly glowing altar of Pakellas.
  2699 | D:3      | Reached skill level 5 in Fighting
  2873 | D:3      | Reached skill level 7 in Maces & Flails
  2967 | D:3      | Reached XP level 6. HP: 67/67 MP: 6/6
  3365 | D:4      | Reached skill level 8 in Maces & Flails
  3368 | D:4      | Reached *** piety under Trog
  3637 | D:4      | Found Keryanez's Assorted Antiques.
  3931 | D:5      | Entered Level 5 of the Dungeon
  3972 | D:5      | Found a staircase to the Ecumenical Temple.
  3990 | Temple   | Entered the Ecumenical Temple
  4023 | D:5      | Reached XP level 7. HP: 75/76 MP: 7/7
  4080 | D:5      | Reached skill level 9 in Maces & Flails
  4203 | D:5      | Found a blossoming altar of Fedhas.
  4366 | D:5      | Found a basalt altar of Yredelemnul.
  4718 | D:6      | Reached skill level 10 in Maces & Flails
  4726 | D:6      | Reached XP level 8. HP: 87/87 MP: 8/8
  4938 | D:6      | Reached **** piety under Trog
  4938 | D:6      | Reached skill level 11 in Maces & Flails
  5439 | D:7      | Reached XP level 9. HP: 85/97 MP: 9/9
  5508 | D:7      | Reached skill level 12 in Maces & Flails
  6077 | D:8      | Reached skill level 5 in Dodging
  6413 | D:8      | Reached skill level 13 in Maces & Flails
  6549 | D:8      | Noticed Psyche
  6559 | D:8      | Killed Psyche
  6559 | D:8      | Reached skill level 10 in Fighting
  6877 | D:9      | Reached XP level 10. HP: 107/110 MP: 10/10
  6932 | D:9      | Found a glowing golden altar of the Shining One.
  7040 | D:9      | Found a staircase to the Orcish Mines.
  7220 | D:9      | Reached skill level 14 in Maces & Flails
  8121 | D:10     | Entered Level 10 of the Dungeon
  8278 | D:10     | Noticed a hill giant
  8303 | D:10     | Killed a hill giant
  8303 | D:10     | Reached skill level 1 in Throwing
  8547 | D:10     | Noticed a gargoyle
  8557 | D:10     | Killed a gargoyle
  8769 | D:10     | Reached skill level 15 in Maces & Flails
  8777 | D:10     | Reached ***** piety under Trog
  8777 | D:10     | Received a gift from Trog
  8942 | D:10     | Reached XP level 11. HP: 102/120 MP: 11/11
  9704 | D:11     | Found a staircase to the Lair.
  9712 | D:11     | Noticed a cyclops
  9727 | D:11     | Killed a cyclops
  9875 | D:11     | Noticed a hill giant
  9880 | D:11     | Killed a hill giant
  9880 | D:11     | Reached skill level 16 in Maces & Flails
  9926 | D:11     | Noticed a death knight
  9936 | D:11     | Killed a death knight
 10285 | D:11     | Noticed a hill giant
 10291 | D:11     | Killed a hill giant
 10625 | Lair:1   | Entered Level 1 of the Lair of Beasts
 10693 | Lair:1   | Received a gift from Trog
 11285 | Lair:1   | Noticed Joseph
 11289 | Lair:1   | Killed Joseph
 11289 | Lair:1   | Reached XP level 12. HP: 87/133 MP: 12/12
 11631 | Lair:1   | Reached skill level 5 in Throwing
 12006 | Lair:2   | Found a staircase to the Snake Pit.
 12081 | Lair:2   | Reached skill level 17 in Maces & Flails
 12344 | Lair:2   | Noticed a six-headed hydra
 12354 | Lair:2   | Killed a six-headed hydra
 13236 | Lair:2   | Received a gift from Trog
 13965 | Lair:3   | Reached ****** piety under Trog
 14110 | Lair:3   | Found a dark tunnel.
 14116 | Volcano  | Entered a volcano
 14753 | Volcano  | Found a bloodstained altar of Trog.
 14819 | Volcano  | Reached skill level 18 in Maces & Flails
 15112 | Lair:3   | Reached XP level 13. HP: 65/144 MP: 13/13
 15256 | Lair:3   | Received a gift from Trog
 15702 | Lair:3   | Found a staircase to the Swamp.
 16142 | Swamp:1  | Entered Level 1 of the Swamp
 16614 | Lair:4   | Noticed Harold
 17660 | Lair:4   | Killed Harold
 18824 | Lair:5   | Reached skill level 19 in Maces & Flails
 18873 | Lair:5   | You fall through a shaft!
 18873 | Lair:6   | Entered Level 6 of the Lair of Beasts
 20062 | Lair:6   | Received a gift from Trog
 20069 | Lair:6   | Found a staircase to the Slime Pits.
 20428 | Lair:6   | Reached XP level 14. HP: 146/157 MP: 14/14
 20485 | Lair:6   | Reached skill level 10 in Dodging
 20553 | Lair:6   | Received a gift from Trog
 20909 | Lair:6   | Found a runed door.
 20971 | Lair:6   | Reached skill level 15 in Fighting
 21188 | Lair:6   | Reached skill level 20 in Maces & Flails
 22287 | Lair:6   | Received a gift from Trog
 23386 | Orc:1    | Entered Level 1 of the Orcish Mines
 23578 | Orc:1    | Received a gift from Trog
 23900 | Orc:2    | Entered Level 2 of the Orcish Mines
 24011 | Orc:2    | Found a roughly hewn altar of Beogh.
 24015 | Orc:2    | Received a gift from Trog
 24057 | Orc:2    | Found a roughly hewn altar of Beogh.
 24417 | Orc:2    | Reached XP level 15. HP: 166/169 MP: 15/15
 24442 | Orc:2    | Received a gift from Trog
 24934 | Orc:2    | Noticed an orc warlord
 24961 | Orc:2    | Received a gift from Trog
 25004 | Orc:2    | Reached skill level 21 in Maces & Flails
 25105 | Orc:2    | Found a staircase to the Elven Halls.
 25169 | Orc:2    | Found Lixt's Armour Shoppe.
 25180 | Orc:2    | Found a roughly hewn altar of Beogh.
 25189 | Orc:2    | Killed an orc warlord
 25192 | Orc:2    | Reached skill level 10 in Throwing
 25209 | Orc:2    | Found Vanohuw's Food Emporium.
 25297 | Orc:2    | Received a gift from Trog
 25346 | Orc:2    | Found a roughly hewn altar of Beogh.
 25358 | Orc:2    | Received a gift from Trog
 25361 | Orc:2    | Found Feamp's Jewellery Shoppe.
 25781 | Orc:2    | Found Zomainim's Antique Weapon Emporium.
 25802 | Orc:2    | Found a roughly hewn altar of Beogh.
 25804 | Orc:2    | Found Ashit's Antique Armour Shoppe.
 25843 | Orc:2    | Bought the +2 cloak of the Land of Plenty {rElec} for 513 gold pieces
 25921 | Orc:2    | Received a gift from Trog
 25980 | Orc:1    | You fall through a shaft!
 25994 | Orc:1    | Found a roughly hewn altar of Beogh.
 26003 | Orc:1    | Received a gift from Trog
 26893 | D:13     | Found Keedium's Food Emporium.
 27712 | D:13     | Reached skill level 1 in Evocations
 28064 | D:13     | Noticed a sphinx
 28072 | D:13     | Killed a sphinx
 28412 | D:13     | Identified the Grimoire of Freezing Companions
 28628 | D:14     | Noticed Snorg
 28638 | D:14     | Killed Snorg
 28707 | D:14     | Found a shadowy altar of Dithmenos.
 28743 | D:14     | Received a gift from Trog
 29090 | D:14     | Found a gate to the Vaults.
 29316 | D:14     | Found Taadde Coum's Gadget Emporium.
 29329 | D:14     | Bought a phial of floods for 480 gold pieces
 29329 | D:14     | Bought a wand of teleportation (6/9) for 360 gold pieces
 29521 | D:15     | Entered Level 15 of the Dungeon
 29564 | D:15     | Noticed Nessos
 29569 | D:15     | Killed Nessos
 30185 | D:15     | Reached skill level 22 in Maces & Flails
 30197 | D:15     | Identified Sif Muna's Incunabulum of Mutagenic Flames
 30217 | D:15     | Reached XP level 16. HP: 164/180 MP: 15/18
 30240 | D:15     | Received a gift from Trog
 30246 | D:15     | Found a staircase to the Depths.
 30263 | D:15     | Got a twisted giant spiked club {god gift}
 30264 | D:15     | Identified the +5 giant spiked club of Anguish {god gift, drain, *Contam rPois MR+++ Int-3} (Trog gifted it to you on level 15 of the Dungeon)
 30530 | D:15     | Got an ancient shield
 30532 | D:15     | Identified the +4 shield of Xom's Fury {rC++ rN+ Str+2} (You took it off a tengu conjurer on level 15 of the Dungeon)
 32377 | Orc:2    | Gained mutation: You expend magic power (3 MP) to strengthen your wands. [mutagenic glow]
 32751 | Swamp:1  | Reached skill level 1 in Shields
 33418 | Swamp:1  | Received a gift from Trog
 34099 | Swamp:2  | Reached skill level 5 in Shields
 35439 | Swamp:4  | Entered Level 4 of the Swamp
 36745 | Swamp:4  | Received a gift from Trog
 36745 | Swamp:4  | Reached XP level 17. HP: 189/189 MP: 19/19
 37620 | Swamp:4  | Noticed Louise
 37631 | Swamp:4  | Killed Louise
 37631 | Swamp:4  | Reached skill level 10 in Shields
 38522 | Swamp:4  | Got a decaying rune of Zot
 38827 | Snake:1  | Entered Level 1 of the Snake Pit
 38837 | Snake:1  | Noticed removeelyvilon's ghost (adept DsSu)
 38851 | Snake:1  | Killed removeelyvilon's ghost
 39946 | Orc:2    | Bought an uncursed ring of poison resistance for 260 gold pieces
 40175 | Snake:1  | Gained mutation: Armour fits poorly on your strangely shaped body. [mutagenic glow]
 40292 | Snake:1  | Found Axtys's General Store.
 40296 | Snake:1  | Found Kevia's Book Emporium.
 40297 | Snake:1  | Found Daddaru's Antique Weapon Shoppe.
 40300 | Snake:1  | Bought a +0 morningstar of protection for 95 gold pieces
 40623 | Snake:1  | Received a gift from Trog
 40952 | Snake:2  | Received a gift from Trog
 41590 | Snake:2  | Found Pacionass's Weapon Boutique.
 41603 | Snake:2  | Reached skill level 5 in Evocations
 41696 | Snake:2  | Found Veipuas's Antique Weapon Boutique.
 42395 | Snake:3  | Noticed Aizul
 42404 | Snake:3  | Killed Aizul
 42588 | Snake:3  | Reached XP level 18. HP: 196/201 MP: 20/22
 42929 | Snake:3  | Noticed Agnes
 42939 | Snake:3  | Killed Agnes
 43533 | Snake:3  | Received a gift from Trog
 43539 | Snake:3  | Got a dazzling giant club {god gift}
 43542 | Snake:3  | Identified the +11 giant club of Trog's Reproof {god gift, crush, MR+ Stlth+} (Trog gifted it to you on level 3 of the Snake Pit)
 43577 | Snake:3  | Gained mutation: You are clumsy. (Dex -2) [mutagenic glow]
 43603 | Snake:3  | Gained mutation: You are dopey. (Int -2) [mutagenic glow]
 44096 | Snake:4  | Entered Level 4 of the Snake Pit
 44096 | Snake:4  | Found Kusk's Jewellery Shoppe.
 45430 | Snake:4  | Received a gift from Trog
 46040 | Snake:4  | Found Susicw Muth's Antique Weapon Boutique.
 46069 | Snake:4  | Found Hoin Wieqo's Distillery.
 46162 | Snake:4  | Bought a cursed +4 amulet of reflection for 330 gold pieces
 46175 | Snake:4  | Found Soprilac's Distillery.
 46183 | Snake:4  | Bought a potion of heal wounds for 90 gold pieces
 46183 | Snake:4  | Bought a potion of curing for 54 gold pieces
 46183 | Snake:4  | Bought a potion of heal wounds for 90 gold pieces
 46359 | Snake:4  | Found Worusadi's Book Emporium.
 47291 | Snake:4  | HP: 12/307 [anaconda (15)]
 47291 | Snake:4  | Slain by an anaconda

Vault maps used:
D:1:      ncdulo_smallfort
D:2:      ecumenical_altar_2, first_bread, uniq_natasha, uniq_iyjb
D:3:      johnstein_pakellas_dig
D:4:      serial_shops, shop_fountains, dk_noncrumbling_3, corexii_checkpoint_a
D:5:      kennysheep_little_box, hex_medium, fedhas_altar_2
D:6:      minmay_unpleasant_kobolds
D:7:      minmay_misc_feat_pillars, the_bakery
D:8:      uniq_psyche
D:9:      zombieorc1_lemuel, hangedman_decor_points,
          nicolae_tso_besieged_by_evil
D:11:     david_lair_generic
D:12:     hangedman_arrow_trap
D:13:     minmay_sliced_demisemicircle, serial_shops, shop, minivault_16
D:14:     grunt_vaults_entry_tiered, serial_column_ruins, column_ruins_grid_4,
          column_ruins_open_small, column_ruins_corridor_straight,
          column_ruins_grid_3, column_ruins_corridor_T, column_ruins_grid_3,
          serial_shops, shop, grunt_dithmenos_smoke_and_mirrors,
          minmay_checkerbox, uniq_snorg
D:15:     hangedman_depths_entry_try_elsewhere_first, minmay_misc_feat_tiny,
          hangedman_decor_opposing, uniq_nessos
Temple:   nicolae_temple_the_god_donut
Lair:1:   serial_bayou_ford_a, st_stairs_8, minivault_26,
          small_statue_intersection, grunt_megastairs_4, uniq_joseph
Lair:2:   beast_lair_carwin_large_1, minmay_snake_entry_six_corridors,
          portal_ice_cave_entry_ice_beasts, nicolae_quartered_pool_super,
          lemuel_fruit_fields
Lair:3:   minmay_swamp_entry_swarm, nicolae_volcano_entry_s_turn, minivault_24,
          wad_woods_road_05
Lair:4:   uniq_harold
Lair:5:   grunt_megastairs_1
Lair:6:   wormcave, hangedman_lair_in_review, minmay_slime_entry_jelly_boxes
Swamp:1:  hangedman_swamp_ruin_hall
Swamp:2:  infiniplex_staircase_pool_2
Swamp:3:  evilmike_swamp_ruin_house_2, swamp_pool4, hangedman_swamp_lotus
Swamp:4:  swamp_fiery, uniq_louise
Snake:1:  grunt_ministairs_15, serial_bayou_pond_e, minmay_shop_star
Snake:2:  serial_shops, nicolae_shop_behind_doors, nicolae_shop_stone
Snake:3:  hangedman_snake_thin_pillar_pass, uniq_aizul, uniq_agnes
Snake:4:  grunt_snake_rune_serpentine_throne, serial_shops, shop,
          nicolae_shop_statue_plus, shop, shop, nicolae_shop_statue_plus,
          nicolae_snake_lava_pool
Orc:1:    basic_altar, nicolae_orc_stony_grotto
Orc:2:    grunt_orc_community_town_hall, grunt_orc_community_big_house_1,
          grunt_orc_community_big_house_2, grunt_orc_community_house_2,
          grunt_orc_community_house_3, grunt_orc_community_house_1,
          grunt_orc_community_house_1, grunt_orc_community_house_1,
          grunt_orc_community_house_1, serial_shops, shop
Volcano:  volcano_lake

Skill      XL: |  1  2  3  4  5  6  7  8  9 10 11 12 13 14 15 16 17 18 |
---------------+-------------------------------------------------------+-----
Maces & Flails | 5 6 7 8 10 11 13 15 16 18 19 20 22 | 22.4
Fighting       | 5 6 7 8 10 11 12 13 14 15 16 17 18 | 18.3
Dodging        | 3 4 5 6 8 9 10 11 12 13 | 13.2
Throwing       | 2 4 6 8 9 10 11 12 | 12.8
Evocations     | 2 3 5 7 |  7.0
Shields        | 8 10 | 10.8

Action                   |  1- 3 |  4- 6 |  7- 9 | 10-12 | 13-15 | 16-18 || total
-------------------------+-------+-------+-------+-------+-------+-------++-------
Melee: Mace              |   101 |    57 |       |       |       |       ||   158
       Flail             |       |    65 |   322 |   702 |       |       ||  1089
       Giant spiked club |       |       |       |   180 |  1263 |   690 ||  2133
       Morningstar       |       |       |       |       |       |   633 ||   633
       Giant club        |       |       |       |       |       |     6 ||     6
Throw: Tomahawk          |       |       |     5 |     4 |       |       ||     9
       Large rock        |       |       |       |     8 |    51 |    88 ||   147
       Javelin           |       |       |       |       |     3 |     1 ||     4
Invok: Berserk           |     1 |     3 |     6 |    15 |    22 |    14 ||    61
       Brothers in Arms  |       |       |     1 |     1 |     6 |     8 ||    16
       Trog's Hand       |       |       |       |     3 |     5 |     7 ||    15
 Abil: Evoke Flight      |       |       |       |       |       |     1 ||     1
Evoke: Wand              |       |       |       |       |     1 |       ||     1
  Use: Scroll            |       |       |     7 |    25 |     5 |    19 ||    56
       Potion            |       |       |       |       |     1 |     2 ||     3
 Stab: Sleeping          |       |       |       |     2 |     1 |       ||     3
       Distracted        |       |       |       |       |     3 |     1 ||     4
       Confused          |       |       |       |       |       |     2 ||     2
  Eat: Chunk             |     3 |    10 |    15 |    30 |    59 |    32 ||   149
       Fruit             |       |     1 |     1 |    18 |     8 |     1 ||    29
       Beef jerky        |       |       |       |     1 |     2 |     2 ||     5
       Pizza             |       |       |       |       |     2 |     2 ||     4
       Bread ration      |       |       |       |       |     1 |       ||     1
       Royal jelly       |       |       |       |       |       |     6 ||     6
       Meat ration       |       |       |       |       |       |     5 ||     5
Armor: Animal skin       |    25 |    34 |    24 |       |       |       ||    83
       Robe              |       |       |    79 |   211 |   251 |   297 ||   838
Dodge: Dodged            |    62 |    69 |   167 |   539 |  1018 |  1025 ||  2880
Block: Shield            |       |       |       |       |       |   414 ||   414
       Other             |       |       |       |       |       |    19 ||    19
       Reflection        |       |       |       |       |       |     1 ||     1
